Map: [ESL] Moondance

Players

SKillous - Winner!

  • Race: Protoss Protoss
  • League: Grandmaster
  • Spawn Location: 6:00

Spirit (souL)

  • Race: Terran Terran
  • League: Master
  • Spawn Location: 12:00

Event: HomeStory Cup XXII

VOD

Have the link to the VOD?

Description

Time

  • Played on: Dec. 17, 2022, 11:47 a.m.
  • Length: 7:30

All games in this series

Show
View Real Time Build Order
Export as new Build Order

SKillous Protoss - Winner!

Build Orders: 1 Gate Expand, Blink Stalkers 

Get SALT Encoding   

  12  0:00  Probe  
  13  0:12  Probe  
  14  0:17  Pylon  
  14  0:24  Probe  
  15  0:35  Gateway  
  15  0:37  Probe (Chrono Boost)  
  16  0:46  Probe (Chrono Boost), Assimilator  
  17  0:51  Probe (Chrono Boost)  
  18  1:03  Probe  
  19  1:15  Probe  
  20  1:25  Cybernetics Core  
  20  1:34  Nexus  
  20  1:40  Pylon  
  20  1:43  Probe  
  21  1:47  Assimilator  
  21  1:55  Probe  
  21  1:59  Adept (Chrono Boost)  
  22  2:02  Warp Gate  
  22  2:08  Probe  
  25  2:20  Probe  
  25  2:22  Adept  
  28  2:32  Probe  
  28  2:34  Twilight Council  
  30  2:47  Probe (Chrono Boost)  
  30  2:49  Probe (Chrono Boost)  
  31  2:55  Gateway  
  31  2:57  Stalker  
  35  2:58  Probe (Chrono Boost)  
  35  3:00  Probe (Chrono Boost)  
  35  3:01  Blink (Chrono Boost)  
  35  3:03  Probe (Chrono Boost)  
  36  3:08  Probe  
  37  3:15  Probe  
  38  3:25  Robotics Facility  
  38  3:26  Probe  
  39  3:27  Probe  
  38  3:38  Probe  
  38  3:39  Probe  
  40  3:42  Gateway x2  
  40  3:50  Probe  
  40  3:51  Probe  
  40  3:52  Pylon  
  40  3:54  Stalker  
  44  3:56  Stalker  
  46  4:03  Assimilator  
  46  4:09  Pylon  
  46  4:10  Probe x2  
  46  4:14  Warp Prism (Chrono Boost)  
  50  4:19  Stalker  
  50  4:23  Stalker  
  54  4:29  Pylon  
  54  4:31  Probe  
  54  4:37  Stalker x2  
  59  4:42  Observer (Chrono Boost), Pylon  
  60  4:54  Stalker x2  
  64  5:01  Stalker  
  62  5:17  Observer  
  59  5:22  Stalker x2  
  59  5:23  Stalker  
  65  5:32  Stalker  
  65  5:40  Probe x2  
  67  5:54  Stalker x3  
  67  5:55  Stalker  
  75  5:58  Pylon  
  61  6:14  Probe x2 (Chrono Boost)  
  61  6:17  Stalker x3  
  67  6:18  Stalker  
  71  6:26  Probe x2 (Chrono Boost)  
  61  6:41  Observer  
  61  6:42  Probe  
  61  6:44  Stalker x4  
  61  6:45  Probe  
  72  7:07  Stalker x3  
  77  7:09  Stalker  
  79  7:17  Nexus  
  79  7:21  Pylon  
Show
View Real Time Build Order
Export as new Build Order

Spirit Terran 

Build Orders: Reaper Expand 

Get SALT Encoding   

  12  0:00  SCV  
  13  0:12  SCV  
  14  0:17  Supply Depot  
  14  0:24  SCV  
  15  0:38  SCV  
  15  0:40  Barracks  
  16  0:44  Refinery  
  16  0:50  SCV  
  17  1:03  SCV  
  18  1:15  SCV  
  19  1:27  Reaper, Orbital Command  
  20  1:42  Command Center  
  20  1:51  Supply Depot  
  20  1:53  SCV  
  21  1:58  Marine  
  22  2:05  SCV  
  23  2:08  Factory  
  23  2:17  SCV  
  23  2:19  Bunker  
  23  2:22  Barracks Reactor  
  24  2:25  Refinery  
  24  2:29  SCV  
  25  2:41  SCV  
  26  2:53  Hellion, SCV  
  26  2:57  Starport  
  28  2:59  Marine x2  
  28  3:00  Orbital Command  
  30  3:05  SCV  
  31  3:14  Widow Mine  
  31  3:17  Marine x2  
  31  3:18  SCV  
  36  3:26  SCV  
  37  3:30  SCV  
  36  3:36  Medivac  
  36  3:38  SCV  
  36  3:39  Widow Mine  
  41  3:42  SCV  
  41  3:43  Supply Depot  
  42  3:48  Marine  
  42  3:49  Marine  
  42  3:50  SCV  
  42  3:54  Supply Depot, SCV  
  46  4:03  Factory Tech Lab  
  46  4:05  SCV  
  46  4:06  SCV, Marine  
  46  4:09  Starport Tech Lab  
  49  4:11  Barracks  
  49  4:15  Engineering Bay  
  49  4:16  Marine  
  50  4:17  SCV  
  50  4:18  SCV  
  52  4:29  SCV  
  52  4:30  SCV, Marine  
  58  4:36  Supply Depot, Marine  
  58  4:37  Raven  
  61  4:40  Siege Tank  
  61  4:41  SCV  
  61  4:42  Supply Depot  
  62  4:46  SCV  
  62  4:51  Marine  
  62  4:52  Bunker  
  62  4:58  SCV x2, Bunker  
  64  5:00  Marine  
  66  5:10  SCV x2  
  66  5:11  Marine  
  66  5:12  Siege Tank  
  69  5:17  Marine  
  68  5:22  SCV x2  
  69  5:29  Marine  
  69  5:34  SCV, Refinery  
  69  5:35  SCV, Marine  
  66  5:44  Siege Tank  
  66  5:46  SCV  
  66  5:47  SCV, Marine  
  69  5:53  Marine  
  69  5:58  SCV  
  69  5:59  SCV  
  59  6:05  Marine  
  59  6:07  Barracks Tech Lab  
  59  6:10  SCV  
  59  6:11  SCV, Marine  
  55  6:22  SCV  
  55  6:23  SCV, Marine  
  58  6:29  Marine  
  55  6:34  SCV, Marine  
  55  6:35  SCV  
  53  6:40  Siege Tank  
  53  6:41  Marine  
  53  6:46  SCV, Marine  
  58  6:47  SCV  
  58  6:48  Barracks  
  58  6:52  Marine  
  60  6:58  SCV, Marine  
  60  6:59  SCV  
  59  7:04  Marine  
  59  7:10  Marine  
  59  7:11  SCV x2  
Tags
 
Add a new tag
Caveats
  • Supply blocks, unpowered buildings, or Contaminate may cause inaccurate times.
  • Supply counts are checked every 10 seconds.